AoeStats
← tobinho_125

African Clearing

504562887Analyzed
4v4 RM · 26d ago on Sep 5, 2026· 61m 38s· 8 players
Game mode
Random Map
Map size
Large (8 player)
Population
200
Speed
Normal
Resources
Standard
Victory
Conquest
Starting age
Dark Age
Ending age
Imperial Age
RankedLock teamsTeams togetherTeam positionsShared explorationLock speedFull tech treeHidden civsTurbo modeCheats
Victory
Defeat
🇹🇷 Byzantines · Türkiye
974
+14
🇩🇪 Malians · Germany
889
+18
🇦🇺 Berbers · Australia
887
+18
🇳🇴 Romans · Norway
885
+18
🇩🇪 Vietnamese · Germany
975
-20
🇺🇸 Cumans · United States
964
-18
🇩🇪 Saracens · Germany
886
-15
🇩🇪 Tatars · Germany
871
-15
The_Snowflake
4:47 Loom
14:06 Feudal Age
18:06 Man-at-Arms
37:12 Wheelbarrow
36:23 Town Watch
40:13 Double-Bit Axe
49:52 Castle Age
48:58 Gold Mining
59:05 Bow Saw
GrafSauerbraten
4:32 Loom
15:10 Feudal Age
17:28 Double-Bit Axe
19:53 Castle Age
22:40 Wheelbarrow
21:50 Town Watch
22:38 Bow Saw
22:10 Horse Collar
29:12 Town Patrol
30:13 Hand Cart
34:27 Forging
34:17 Scale Mail Armor
34:08 Fletching
34:25 Scale Barding Armor
33:43 Light Cavalry
34:33 Bloodlines
34:23 Husbandry
34:35 Tigui
41:36 Imperial Age
39:28 Bodkin Arrow
40:44 Iron Casting
40:21 Squires
39:41 Pikeman
40:07 Arson
42:16 Chain Barding Armor
42:17 Farimba
43:19 Chemistry
42:41 Ballistics
42:04 Elite Gbeto
42:44 Cavalier
47:37 Conscription
49:08 Plate Barding Armor
48:49 Chain Mail Armor
48:35 Padded Archer Armor
52:45 Gold Mining
52:45 Stone Mining
60:57 Heavy Plow
quera65
3:28 Loom
15:55 Feudal Age
17:16 Double-Bit Axe
22:07 Castle Age
20:44 Wheelbarrow
26:23 Forging
26:14 Scale Mail Armor
26:20 Scale Barding Armor
28:36 Husbandry
28:44 Horse Collar
36:43 Iron Casting
36:24 Chain Mail Armor
49:43 Imperial Age
47:28 Hand Cart
49:43 Gold Mining
49:43 Stone Mining
55:49 Heavy Plow
57:12 Bow Saw
57:51 Crop Rotation
59:42 Two-Man Saw
58:38 Elite Skirmisher
58:41 Elite Genitour
59:08 Crossbowman
59:54 Thumb Ring
60:04 Caravan
60:34 Coinage
60:15 Guilds
61:39 Padded Archer Armor
61:29 Fletching
61:40 Fletching
61:30 Arbalester
PrincessKaguya
4:32 Loom
16:01 Feudal Age
18:07 Wheelbarrow
17:23 Double-Bit Axe
23:30 Castle Age
21:41 Horse Collar
22:02 Stone Mining
22:48 Gold Mining
26:09 Wheelbarrow
29:49 Bow Saw
37:53 Imperial Age
35:29 Caravan
36:16 Gold Shaft Mining
35:33 Fletching
35:53 Heavy Plow
37:09 Forging
37:35 Scale Barding Armor
38:36 Iron Casting
38:13 Bodkin Arrow
39:08 Chain Barding Armor
40:22 Conscription
40:51 Hand Cart
40:17 Heavy Scorpion
45:16 Crop Rotation
45:19 Maghrebi Camels
45:20 Kasbah
45:30 Scale Mail Armor
45:45 Town Watch
46:12 Siege Engineers
45:30 Pikeman
47:20 Blast Furnace
45:58 Capped Ram
46:42 Elite Skirmisher
47:52 Squires
50:44 Chemistry
49:28 Onager
51:14 Town Patrol
51:39 Ballistics
51:14 Murder Holes
51:29 Masonry
53:48 Chain Mail Armor
52:59 Elite Camel Archer
54:25 Husbandry
54:27 Light Cavalry
56:26 Bloodlines
57:34 Cavalier
59:16 Bracer
59:47 Plate Mail Armor
59:21 Padded Archer Armor
59:16 Heated Shot
Blitz818
13:03 Feudal Age
40:22 Castle Age
41:09 Bloodlines
43:15 Thumb Ring
43:19 Fletching
44:33 Padded Archer Armor
45:31 Elite Skirmisher
48:58 Bodkin Arrow
Froghunter
13:36 Loom
15:22 Feudal Age
21:10 Castle Age
19:30 Double-Bit Axe
20:06 Fletching
28:13 Horse Collar
29:16 Stone Mining
31:27 Bodkin Arrow
40:54 Padded Archer Armor
43:54 Imperial Age
42:00 Wheelbarrow
44:07 Capped Ram
44:58 Gold Mining
45:52 Bracer
47:55 Chemistry
48:21 Ballistics
49:32 Hand Cart
49:31 Elite Rattan Archer
50:38 Murder Holes
50:26 Treadmill Crane
55:18 Bow Saw
55:14 Heavy Plow
55:10 Town Watch
57:09 Paper Money
56:16 Elite Battle Elephant
57:14 Scale Barding Armor
57:20 Forging
57:49 Husbandry
57:59 Bloodlines
58:31 Chain Barding Armor
58:44 Chatras
59:37 Iron Casting
tobinho_125
15:33 Feudal Age
14:20 Loom
19:29 Castle Age
17:59 Double-Bit Axe
31:24 Padded Archer Armor
31:15 Fletching
32:45 Husbandry
32:47 Scale Mail Armor
33:02 Leather Archer Armor
32:42 Bodkin Arrow
32:56 Scale Barding Armor
34:40 Wheelbarrow
33:51 Town Watch
36:30 Chain Barding Armor
36:21 Forging
37:21 Hand Cart
37:12 Crossbowman
37:57 Thumb Ring
38:30 Bodkin Arrow
39:11 Iron Casting
38:36 Scale Mail Armor
42:13 Imperial Age
41:35 Ballistics
44:37 Ring Archer Armor
44:07 Bracer
44:22 Chain Mail Armor
44:31 Arbalester
46:58 Onager
48:50 Bracer
50:04 Conscription
50:00 Counterweights
49:55 Gold Mining
49:58 Horse Collar
50:44 Stone Mining
53:39 Plate Mail Armor
53:47 Plate Barding Armor
58:28 Heavy Camel Rider
Cramgee
10:25 Loom
15:59 Feudal Age
14:16 Loom
17:56 Double-Bit Axe
23:16 Castle Age
21:52 Horse Collar
22:33 Gold Mining
24:45 Fletching
27:34 Bodkin Arrow
32:28 Bow Saw
33:28 Scale Barding Armor
45:04 Imperial Age
46:51 Ballistics
46:23 Heated Shot
46:40 Siege Engineers
51:14 Murder Holes
Connection lost

Rejoining the realm…

Still unreachable

The connection could not be restored.

Session expired

The server has moved on; the page needs a fresh start.